[Event "ICC tourney 2556 (25 5)"]
[Site "Internet Chess Club"]
[Date "2021.05.08"]
[Round "4"]
[White "ZHANG, KYLIE:K05-16733661"]
[Black "SUN, EVAN:K05-17182225"]
[Result "0-1"]
[ICCResult "White checkmated"]
[WhiteElo "1453"]
[BlackElo "1011"]
[Opening "Scandinavian (center counter) defense"]
[ECO "B01"]
[NIC "SD.01"]
[Time "17:32:55"]
[PlyCount "116"]
[TimeControl "1500+5"]

1. e4 d5 2. exd5 Qxd5 3. Nc3 Qa5 4. d4 c6 5. Nf3 Nf6 6. Bd3 Bf5 7. Ne5 Bxd3
8. Qxd3 e6 9. Bd2 Bd6 10. Ne4 Qd8 11. Nxd6+ Qxd6 12. O-O-O Nbd7 13. Qe3 Qd5
14. a3 Rf8 15. Bb4 Rg8 16. f3 Qa2 17. h3 Qa1+ 18. Kd2 Qxb2 19. Ra1 Nd5 20.
Qe4 N7f6 21. Qd3 Nxb4 22. axb4 Qxb4+ 23. Kd1 Rd8 24. Ke2 Rxd4 25. Qb3 Qxb3
26. cxb3 a6 27. Nd3 Ke7 28. Rhd1 Rgd8 29. Rac1 R8d5 30. Rc3 Nd7 31. Rcc1
Ne5 32. Rc3 Nxd3 33. Rdxd3 Rxd3 34. Rxd3 Rxd3 35. Kxd3 Kd6 36. Ke3 Kc5 37.
Kd3 Kb4 38. Kc2 b5 39. g3 c5 40. g4 f5 41. g5 g6 42. f4 c4 43. bxc4 bxc4
44. Kb2 a5 45. h4 a4 46. Kc2 a3 47. Kb1 Kb3 48. Kc1 a2 49. Kd2 a1=Q 50. Ke3
Qe1+ 51. Kd4 Qe4+ 52. Kc5 Qd5+ 53. Kb6 c3 54. Kc7 c2 55. Kc8 Qd6 56. Kb7
c1=Q 57. Ka7 Qcc7+ 58. Ka8 Qdd8# { White checkmated } 0-1

[Event "ICC tourney 2556 (25 5)"]
[Site "Internet Chess Club"]
[Date "2021.05.08"]
[Round "4"]
[White "AUSTIN YIM, ZACHERY:K05-16198943"]
[Black "KOUSTUBH NAMILAE, ANANTH:K05-16701177"]
[Result "1/2-1/2"]
[ICCResult "Game drawn because neither player has mating material"]
[WhiteElo "1101"]
[BlackElo "613"]
[Opening "Queen's pawn: Chigorin variation"]
[ECO "D00"]
[NIC "QP.08"]
[Time "17:32:46"]
[PlyCount "175"]
[TimeControl "1500+5"]

1. d4 d5 2. Nc3 Nf6 3. Bf4 Nc6 4. e3 Bf5 5. Nb5 e5 6. dxe5 Ne4 7. Qxd5 Qxd5
8. Nxc7+ Kd7 9. Nxd5 Be6 10. c4 Bb4+ 11. Nxb4 Nxb4 12. O-O-O+ Ke7 13. a3
Nxf2 14. Bg5+ f6 15. exf6+ gxf6 16. Bf4 Nxh1 17. axb4 Nf2 18. Rd2 Ne4 19.
Rd4 Ng5 20. Bxg5 fxg5 21. Nf3 g4 22. Ne5 Rhf8 23. Bd3 Bf5 24. Bxf5 Rxf5 25.
Nxg4 Rf1+ 26. Kc2 Rg1 27. g3 a5 28. bxa5 Rxa5 29. Re4+ Kd8 30. Nf6 Rg2+ 31.
Kc3 Ra2 32. Re8+ Kc7 33. Nd5+ Kc6 34. Nb4+ Kd7 35. Rh8 Raxb2 36. Rxh7+ Kc8
37. Rh8+ Kc7 38. Nd5+ Kc6 39. Rc8+ Kd6 40. Rd8+ Kc6 41. Rc8+ Kd7 42. Rc7+
Kd8 43. Rc5 Rgc2+ 44. Kd4 Rd2+ 45. Ke4 Rxh2 46. Nf4 b6 47. Rd5+ Kc7 48.
Ne6+ Kc6 49. Nd8+ Kc7 50. Nf7 Kc6 51. Ne5+ Kb7 52. Rd7+ Ka6 53. Nc6 b5 54.
c5 b4 55. Ra7+ Kb5 56. Nd4+ Kxc5 57. Rc7+ Kb6 58. Rc6+ Kb7 59. Kd5 Rbd2 60.
Kc5 b3 61. Nxb3 Rc2+ 62. Kd5 Rxc6 63. Na5+ Kb6 64. Nxc6 Rd2+ 65. Nd4 Ra2
66. e4 Ra5+ 67. Ke6 Ra8 68. e5 Re8+ 69. Kf6 Kc5 70. Ne6+ Kc6 71. g4 Kd7 72.
Nc5+ Kd8 73. g5 Rf8+ 74. Kg7 Ke8 75. Ne6 Rf7+ 76. Kg8 Re7 77. Ng7+ Kd7 78.
e6+ Kd8 79. g6 Ra7 80. Nf5 Ke8 81. g7 Ra1 82. e7 Rf1 83. Nh6 Kxe7 84. Kh7
Rg1 85. Nf5+ Kf7 86. g8=Q+ Rxg8 87. Nh6+ Kf8 88. Nxg8 { Game drawn because
neither player has mating material } 1/2-1/2

[Event "ICC tourney 2556 (25 5)"]
[Site "Internet Chess Club"]
[Date "2021.05.08"]
[Round "4"]
[White "YAO, COCO:K05-16335651"]
[Black "BIBBS, CONNOR:K05-17198270"]
[Result "1-0"]
[ICCResult "Black checkmated"]
[WhiteElo "1082"]
[BlackElo "595"]
[Opening "King's pawn game"]
[ECO "C50"]
[NIC "IG.03"]
[Time "17:39:02"]
[PlyCount "163"]
[TimeControl "1500+5"]

1. e4 e5 2. Nf3 Nc6 3. Bc4 d6 4. Nc3 Bg4 5. d3 Nf6 6. Bg5 Nd4 7. Be3 Nxf3+
8. gxf3 Bh3 9. Qd2 Be7 10. O-O-O O-O 11. Rhg1 g6 12. Bh6 Re8 13. f4 c6 14.
fxe5 dxe5 15. Rg3 Be6 16. Bxe6 fxe6 17. h4 b5 18. Bg5 h5 19. Bxf6 Bxf6 20.
Rxg6+ Kf7 21. Qh6 Rh8 22. Qe3 Qd4 23. Rg3 Qxe3+ 24. Rxe3 Bxh4 25. Rh1 Bg5
26. f4 Bxf4 27. Rf1 h4 28. Kd1 Ke7 29. Rh3 Rh5 30. Rg1 Bg5 31. Rg4 Rf8 32.
Ke2 b4 33. Na4 Rf4 34. Rg2 Kd6 35. Rf2 Kc7 36. Nc5 Kd6 37. Nb3 a6 38. d4
exd4 39. Nxd4 Rxe4+ 40. Kd3 Re1 41. Re2 Ra1 42. Rxe6+ Kd5 43. Rxc6 Rxa2 44.
Rb6 a5 45. Rb5+ Kd6 46. Nf3 Bf6 47. Rxh5 a4 48. Rh1 Rxb2 49. Ra5 a3 50. Ra1
h3 51. Nh2 Rxc2 52. Kxc2 Bxa1 53. Kb3 Be5 54. Ng4 Ke6 55. Rxe5+ Kd6 56.
Kxb4 a2 57. Re1 Kd5 58. Kb3 h2 59. Nxh2 a1=Q 60. Rxa1 Kd4 61. Rc1 Kd3 62.
Rd1+ Ke4 63. Kc4 Ke3 64. Kc3 Ke4 65. Kc4 Ke3 66. Rd8 Ke2 67. Kc3 Ke3 68.
Re8+ Kf4 69. Kd4 Kf5 70. Re1 Kf6 71. Kd5 Kf7 72. Kd6 Kf8 73. Kd7 Kf7 74.
Rf1+ Kg6 75. Ke6 Kg7 76. Rf2 Kg6 77. Rg2+ Kh7 78. Kf6 Kh8 79. Rg3 Kh7 80.
Rg4 Kh8 81. Kf7 Kh7 82. Rh4# { Black checkmated } 1-0

[Event "ICC tourney 2556 (25 5)"]
[Site "Internet Chess Club"]
[Date "2021.05.08"]
[Round "4"]
[White "SATHISH, PRANAV:K05-16464655"]
[Black "WONG, WYATT:K05-17016313"]
[Result "1/2-1/2"]
[ICCResult "Game drawn by mutual agreement"]
[WhiteElo "1768"]
[BlackElo "1439"]
[Opening "English opening"]
[ECO "A16"]
[NIC "EO.64"]
[Time "17:33:52"]
[PlyCount "128"]
[TimeControl "1500+5"]

1. c4 Nf6 2. Nc3 g6 3. g3 Bg7 4. Bg2 O-O 5. e4 d6 6. Nge2 a6 7. O-O Nc6 8.
d3 Re8 9. h3 e5 10. Be3 Be6 11. Nd5 Qd7 12. Kh2 Ne7 13. Qd2 Qd8 14. Nec3
Nfxd5 15. Nxd5 Bxd5 16. cxd5 f5 17. Bh6 f4 18. Bxg7 fxg3+ 19. fxg3 Kxg7 20.
d4 c6 21. dxe5 cxd5 22. exd6 Qxd6 23. exd5 Nf5 24. Rf3 Re7 25. Re1 Rae8 26.
Rxe7+ Rxe7 27. h4 Kg8 28. Qg5 h6 29. Qg4 Ne3 30. Qc8+ Kh7 31. Rf8 Rc7 32.
Rh8+ Kg7 33. Qg8+ Kf6 34. Qf8+ Qxf8 35. Rxf8+ Kg7 36. Rf3 Nxd5 37. Rb3 Nf6
38. Rxb7 Rxb7 39. Bxb7 Ng4+ 40. Kg1 a5 41. a3 Kf6 42. b4 axb4 43. axb4 Ke5
44. b5 Ne3 45. Bc6 Nc4 46. Kf2 Kf5 47. Bd7+ Kf6 48. Ke2 h5 49. Be8 Nd6 50.
b6 g5 51. Bxh5 gxh4 52. gxh4 Kf5 53. Bf3 Kf6 54. b7 Nxb7 55. Bxb7 Kg6 56.
Kf3 Kh5 57. Kg3 Kh6 58. Kg4 Kg7 59. Be4 Kh8 60. Kh5 Kg7 61. Kg5 Kh8 62. Kh6
Kg8 63. h5 Kh8 64. Kg6 Kg8 { Game drawn by mutual agreement } 1/2-1/2

[Event "ICC tourney 2556 (25 5)"]
[Site "Internet Chess Club"]
[Date "2021.05.08"]
[Round "4"]
[White "MURUGAN AYYAPPAN, ADHIRAIYAN:K05-16024678"]
[Black "ELIZABETH PETER, SARAH:K05-16665770"]
[Result "1-0"]
[ICCResult "Black forfeits on time"]
[WhiteElo "1378"]
[BlackElo "954"]
[Opening "Queen's pawn"]
[ECO "A40"]
[NIC "QO.17"]
[Time "17:32:00"]
[PlyCount "107"]
[TimeControl "1500+5"]

1. d4 e6 2. Bf4 d5 3. e3 c5 4. c3 Nf6 5. Nf3 Nc6 6. Nbd2 Qb6 7. Qb3 Qd8 8.
Bb5 Bd7 9. O-O Be7 10. Bxc6 Bxc6 11. Ne5 O-O 12. Nxc6 bxc6 13. Qb7 cxd4 14.
exd4 Bd6 15. Bxd6 Qxd6 16. Qb3 Ng4 17. Nf3 e5 18. h3 e4 19. hxg4 exf3 20.
gxf3 Qf4 21. Kg2 g6 22. Qc2 Kg7 23. Rh1 Rh8 24. Qc1 Qxc1 25. Raxc1 Rae8 26.
Rce1 h5 27. Rxe8 Rxe8 28. gxh5 gxh5 29. f4 Kg6 30. Kf3 Rh8 31. Rh4 f5 32.
Ke3 Re8+ 33. Kd2 Rb8 34. b4 a5 35. a3 axb4 36. axb4 Ra8 37. Kd3 Ra2 38. Rh2
h4 39. Rh3 Rxf2 40. Rxh4 Rg2 41. Rh8 Rg4 42. Rc8 Rxf4 43. Rxc6+ Kg5 44. b5
Re4 45. Rc5 Re8 46. Rxd5 Kg4 47. Re5 Rxe5 48. dxe5 f4 49. Ke2 Kg3 50. Kf1
Kf3 51. e6 Kg3 52. e7 f3 53. e8=Q f2 54. Qg6+ { Black forfeits on time }
1-0

[Event "ICC tourney 2556 (25 5)"]
[Site "Internet Chess Club"]
[Date "2021.05.08"]
[Round "4"]
[White "KURUP, SIDDHARTH:K05-16282415"]
[Black "JIANG, LUCAS:K05-16314627"]
[Result "0-1"]
[ICCResult "White checkmated"]
[WhiteElo "1548"]
[BlackElo "1953"]
[Opening "Grünfeld: exchange, Spassky variation"]
[ECO "D87"]
[NIC "GI.05"]
[Time "17:31:43"]
[PlyCount "100"]
[TimeControl "1500+5"]

1. d4 Nf6 2. c4 g6 3. Nc3 d5 4. cxd5 Nxd5 5. e4 Nxc3 6. bxc3 Bg7 7. Bc4 c5
8. Ne2 O-O 9. Be3 Nc6 10. O-O Qc7 11. Rc1 e6 12. Bf4 Qe7 13. d5 Ne5 14. Bb3
Rd8 15. c4 b6 16. Qc2 exd5 17. exd5 Bf5 18. Qd2 Nd3 19. Rcd1 Nxf4 20. Nxf4
Be5 21. Rfe1 Qf6 22. Ne2 h5 23. Rc1 h4 24. Bc2 Bg4 25. f3 Bh5 26. Be4 Bc7
27. f4 Bxe2 28. Qxe2 Bxf4 29. Rf1 Qd4+ 30. Kh1 Bxc1 31. Rxc1 Re8 32. Re1 f5
33. Qf3 Rxe4 34. Rf1 Rae8 35. g3 h3 36. g4 Re1 37. Qxh3 Rxf1+ 38. Qxf1 Qd2
39. gxf5 Re1 40. Kg1 Rxf1+ 41. Kxf1 gxf5 42. d6 f4 43. d7 Qxd7 44. Kf2 Qd3
45. h4 Qe3+ 46. Kg2 f3+ 47. Kg3 f2+ 48. Kg4 f1=Q 49. h5 Qff3+ 50. Kh4 Qef4#
{ White checkmated } 0-1

[Event "ICC tourney 2556 (25 5)"]
[Site "Internet Chess Club"]
[Date "2021.05.08"]
[Round "4"]
[White "FRANCO PRASANNA, KEVIN:K05-15771571"]
[Black "HOJA, SABRINA:K05-16995856"]
[Result "1-0"]
[ICCResult "Black checkmated"]
[WhiteElo "1346"]
[BlackElo "924"]
[Opening "Giuoco Piano"]
[ECO "C54"]
[NIC "IG.02"]
[Time "17:31:53"]
[PlyCount "141"]
[TimeControl "1500+5"]

1. e4 e5 2. Nf3 Nc6 3. Bc4 Bc5 4. c3 Nf6 5. d3 h6 6. Be3 Bb6 7. Nbd2 d6 8.
d4 exd4 9. cxd4 Bg4 10. d5 Ne5 11. Be2 Nxf3+ 12. Nxf3 O-O 13. Qc2 Qe7 14.
h3 Bh5 15. Bxb6 axb6 16. Nd2 Bxe2 17. Kxe2 Nxd5 18. Rhe1 Nb4 19. Qb3 Nc6
20. Kf1 Qe6 21. Qxe6 fxe6 22. Nf3 Rf4 23. e5 d5 24. a3 Raf8 25. b4 Nd4 26.
Nxd4 Rxd4 27. Rac1 c6 28. g3 Rd2 29. Re2 Rxe2 30. Kxe2 Rf5 31. f4 g5 32.
Kf3 h5 33. b5 c5 34. a4 gxf4 35. gxf4 Kh7 36. a5 Rf8 37. axb6 c4 38. Ra1
Kg7 39. Ra7 Rb8 40. Ra1 Kh6 41. Rd1 Ra8 42. f5 Ra3+ 43. Kf4 exf5 44. Rxd5
Rxh3 45. Rd6+ Kg7 46. Rd7+ Kh6 47. e6 c3 48. Rc7 Rh4+ 49. Kxf5 Rh1 50. Rxc3
Rf1+ 51. Ke5 Re1+ 52. Kd6 Rd1+ 53. Ke7 Rb1 54. Rc7 Rxb5 55. Rxb7 Rb1 56.
Rb8 Kg5 57. b7 Kh4 58. Kf7 Rf1+ 59. Kg7 Rg1+ 60. Kh6 Rb1 61. e7 Rb6+ 62.
Kh7 Kg5 63. Rg8+ Kf5 64. b8=Q Rxb8 65. Rxb8 h4 66. e8=Q Kg4 67. Qg6+ Kf3
68. Rb4 h3 69. Qd3+ Kg2 70. Rb2+ Kg1 71. Qb1# { Black checkmated } 1-0

[Event "ICC tourney 2556 (25 5)"]
[Site "Internet Chess Club"]
[Date "2021.05.08"]
[Round "4"]
[White "CHANG, LUCA:K05-16081600"]
[Black "GIORGIO TESSIORE, LUCA:K05-17347744"]
[Result "0-1"]
[ICCResult "White forfeits on time"]
[WhiteElo "1533"]
[BlackElo "1914"]
[Opening "Dutch, 2.Bg5 variation"]
[ECO "A80"]
[NIC "HD.12"]
[Time "17:33:55"]
[PlyCount "58"]
[TimeControl "1500+5"]

1. d4 f5 2. Bg5 h6 3. Bh4 g5 4. e3 Nf6 5. Bg3 Bg7 6. Nc3 c6 7. h4 d6 8. Bd3
Kf7 9. Qd2 Be6 10. e4 f4 11. Bh2 Ng4 12. d5 Bd7 13. Nf3 e5 14. O-O-O c5 15.
g3 a6 16. hxg5 hxg5 17. Nxg5+ Qxg5 18. gxf4 Qh6 19. Bg3 Qxh1 20. Rxh1 Rxh1+
21. Nd1 Bh6 22. f3 exf4 23. Bf2 Ne3 24. Bxe3 fxe3 25. Qe2 Bf4 26. Kb1 Bh3
27. c4 Nd7 28. a3 Ne5 29. Bc2 Rg8 { White forfeits on time } 0-1

[Event "ICC tourney 2556 (25 5)"]
[Site "Internet Chess Club"]
[Date "2021.05.08"]
[Round "4"]
[White "SHANMUGAM, MEERA:K05-16606945"]
[Black "HONG, LUKE:K05-16894950"]
[Result "1-0"]
[ICCResult "Black forfeits on time"]
[WhiteElo "1579"]
[BlackElo "1346"]
[Opening "Ruy Lopez: 5.O-O"]
[ECO "C78"]
[NIC "RL.12"]
[Time "17:32:22"]
[PlyCount "73"]
[TimeControl "1500+5"]

1. e4 e5 2. Nf3 Nc6 3. Bb5 a6 4. Ba4 Nf6 5. O-O b5 6. Bb3 Bc5 7. a4 Bb7 8.
c3 d6 9. d4 Bb6 10. Bg5 h6 11. Bxf6 Qxf6 12. Bd5 exd4 13. cxd4 Rb8 14.
Bxc6+ Bxc6 15. Re1 O-O 16. Nc3 b4 17. Na2 b3 18. Nb4 Ba8 19. Nxa6 Rbe8 20.
e5 Bxf3 21. gxf3 dxe5 22. dxe5 Rxe5 23. Rxe5 Qxe5 24. a5 Qg5+ 25. Kh1 Qb5
26. axb6 Qxb6 27. Kg2 Qg6+ 28. Kf1 Qc6 29. Qxb3 Rd8 30. Nb8 Qd6 31. Kg2 c5
32. Na6 Ra8 33. Qb7 Qg6+ 34. Kh1 Re8 35. Nxc5 Re2 36. Ra8+ Kh7 37. Nd3 {
Black forfeits on time } 1-0

[Event "ICC tourney 2556 (25 5)"]
[Site "Internet Chess Club"]
[Date "2021.05.08"]
[Round "4"]
[White "OSCAR LI, JINGTU:K05-16113408"]
[Black "SIGMUND PRIMUS, JONATHAN:K05-17193231"]
[Result "1-0"]
[ICCResult "Black checkmated"]
[WhiteElo "1407"]
[BlackElo "971"]
[Opening "QGD Slav: 4.e3"]
[ECO "D11"]
[NIC "SL.01"]
[Time "17:34:06"]
[PlyCount "169"]
[TimeControl "1500+5"]

1. d4 d5 2. c4 c6 3. Nf3 Nf6 4. e3 e6 5. Bd3 c5 6. O-O cxd4 7. exd4 Nc6 8.
Nc3 Be7 9. h3 O-O 10. Be3 dxc4 11. Bxc4 Bd6 12. Rc1 e5 13. dxe5 Nxe5 14.
Nxe5 Bxe5 15. Qxd8 Rxd8 16. Rfd1 Bf5 17. Rxd8+ Rxd8 18. Bxa7 Rc8 19. Bb3 h6
20. g4 Bg6 21. Kg2 Rd8 22. Rd1 Rc8 23. Bd4 Bxd4 24. Rxd4 Re8 25. Rb4 Re7
26. f3 Rd7 27. Kg3 Kf8 28. Na4 Ne8 29. Nc5 Rd2 30. Ba4 Nd6 31. Nxb7 Nxb7
32. Rxb7 Bb1 33. a3 Rd4 34. Rb8+ Ke7 35. Re8+ Kf6 36. Bc6 Rd2 37. b4 Rd6
38. Be4 Ba2 39. a4 Rb6 40. b5 Bb3 41. Ra8 Bxa4 42. Rxa4 Rxb5 43. Ra6+ Ke7
44. h4 h5 45. Ra7+ Ke6 46. Bf5+ Kf6 47. Ra6+ Ke7 48. Kf4 hxg4 49. fxg4 Rb4+
50. Be4 g6 51. h5 gxh5 52. gxh5 Kf8 53. h6 Rb5 54. h7 Rh5 55. Ra8+ Kg7 56.
Rg8+ Kf6 57. h8=Q+ Rxh8 58. Rxh8 Kg7 59. Rh7+ Kf6 60. Rh5 Kg7 61. Kf5 Kf8
62. Kf6 Ke8 63. Rh8+ Kd7 64. Kxf7 Kd6 65. Rh5 Kd7 66. Rd5+ Kc7 67. Ke7 Kc6
68. Rd8+ Kc5 69. Bh7 Kc4 70. Rd6 Kc5 71. Ke6 Kc4 72. Rd5 Kc3 73. Ke5 Kc4
74. Bd3+ Kc3 75. Ke4 Kd2 76. Ba6+ Kc3 77. Rd4 Kc2 78. Rd3 Kb2 79. Kd4 Kc2
80. Kc4 Kb2 81. Rc3 Kb1 82. Kb3 Ka1 83. Ka3 Kb1 84. Bd3+ Ka1 85. Rc1# {
Black checkmated } 1-0

[Event "ICC tourney 2556 (25 5)"]
[Site "Internet Chess Club"]
[Date "2021.05.08"]
[Round "4"]
[White "MATHUR, AASHI:K05-17111754"]
[Black "PEYTON, NATHAN:K05-16452322"]
[Result "0-1"]
[ICCResult "White checkmated"]
[WhiteElo "1012"]
[BlackElo "1481"]
[Opening "Petrov: Cozio (Lasker) attack"]
[ECO "C42"]
[NIC "RG.03"]
[Time "17:33:35"]
[PlyCount "114"]
[TimeControl "1500+5"]

1. e4 e5 2. Nf3 Nf6 3. Nxe5 d6 4. Nf3 Nxe4 5. Qe2 Qe7 6. Nc3 Nf6 7. d4 Bg4
8. Bf4 Qxe2+ 9. Bxe2 Nbd7 10. O-O-O O-O-O 11. Rd3 d5 12. Nb5 Ne4 13. Rb3
Nb6 14. Bxc7 Rd7 15. Bxb6 axb6 16. Re1 Bd6 17. Nxd6+ Rxd6 18. Ne5 Be6 19.
Bf3 f5 20. Bxe4 fxe4 21. Ree3 Rf8 22. f3 exf3 23. gxf3 Kb8 24. Rec3 Rc8 25.
f4 Rf8 26. Rf3 Rc8 27. f5 Bg8 28. Rfe3 Rf8 29. Rb4 Rxf5 30. Reb3 Rf1+ 31.
Kd2 Rf2+ 32. Kc3 Kc7 33. a4 Rxh2 34. a5 Rh3+ 35. Nd3 Rhh6 36. Ra3 Rc6+ 37.
Kb3 bxa5 38. Rxa5 Rb6 39. Rab5 Rxb5 40. Rxb5 Rb6 41. Kb4 Rxb5+ 42. Kxb5 h5
43. Nf4 h4 44. Kc5 g5 45. b4 gxf4 46. c4 dxc4 47. d5 c3 48. Kc4 c2 49. Kd4
c1=Q 50. Ke4 Qe3+ 51. Kf5 Bh7+ 52. Kg5 f3+ 53. Kxh4 Qf4+ 54. Kh5 f2 55. d6+
Kxd6 56. b5 f1=R 57. b6 Rh1# { White checkmated } 0-1

[Event "ICC tourney 2556 (25 5)"]
[Site "Internet Chess Club"]
[Date "2021.05.08"]
[Round "4"]
[White "KAZAN, JUDE:K05-16350155"]
[Black "STERN, KEVIN:K05-16419450"]
[Result "1/2-1/2"]
[ICCResult "Game drawn by repetition"]
[WhiteElo "1655"]
[BlackElo "1393"]
[Opening "Caro-Kann: advance variation"]
[ECO "B12"]
[NIC "CK.02"]
[Time "17:32:36"]
[PlyCount "98"]
[TimeControl "1500+5"]

1. e4 c6 2. d4 d5 3. e5 c5 4. dxc5 Nc6 5. Bb5 Bf5 6. b4 e6 7. Nf3 Bg4 8. a3
Qc7 9. O-O Bxf3 10. Bxc6+ bxc6 11. Qxf3 Qxe5 12. Qc3 Qxc3 13. Nxc3 Nf6 14.
Bb2 Be7 15. f3 Kd7 16. Ne2 Rhb8 17. Rfd1 a5 18. c3 Ne8 19. Nf4 g6 20. Nd3
Bf6 21. Re1 Nc7 22. Reb1 Nb5 23. Rc1 axb4 24. axb4 Kc7 25. c4 Bxb2 26. Nxb2
Nd4 27. Rxa8 Rxa8 28. Rd1 Nc2 29. cxd5 exd5 30. Nd3 Ra1 31. Rxa1 Nxa1 32.
Kf2 Nc2 33. Ke2 f6 34. Kd2 Na3 35. Nb2 Nb5 36. Na4 Nd4 37. Nb6 Ne6 38. Na8+
Kb7 39. Nb6 Kc7 40. Na8+ Kb7 41. Nb6 Kc7 42. Na8+ Kb7 43. Nb6 Kc7 44. Na8+
Kb7 45. Nb6 Kc7 46. Na8+ Kb7 47. Nb6 Kc7 48. Na8+ Kb7 49. Nb6 Kc7 { Game
drawn by repetition } 1/2-1/2

[Event "ICC tourney 2556 (25 5)"]
[Site "Internet Chess Club"]
[Date "2021.05.08"]
[Round "4"]
[White "HUANG WANG, WILLIAM:K05-16426896"]
[Black "CHANG LIU, ERIC:K05-16650666"]
[Result "0-1"]
[ICCResult "White checkmated"]
[WhiteElo "1554"]
[BlackElo "2046"]
[Opening "Dutch defense"]
[ECO "A40"]
[NIC "QO.17"]
[Time "17:33:55"]
[PlyCount "110"]
[TimeControl "1500+5"]

1. d4 e6 2. c4 f5 3. Nf3 Nf6 4. Nc3 Bb4 5. e3 b6 6. Bd3 Bb7 7. O-O Bxc3 8.
bxc3 O-O 9. Ba3 Re8 10. c5 Ne4 11. Bxe4 Bxe4 12. cxb6 axb6 13. Bb4 d6 14.
c4 c5 15. dxc5 bxc5 16. Bc3 Qe7 17. Nd2 Bb7 18. f3 d5 19. cxd5 exd5 20. Re1
Na6 21. a3 Rad8 22. Rb1 Rd7 23. Qc2 Qf7 24. e4 fxe4 25. fxe4 Qg6 26. Qa4
Rde7 27. Rxb7 Rxb7 28. Re3 d4 29. Rg3 Qe6 30. Ba1 Reb8 31. h3 Qa2 32. Qxa6
Qxd2 33. Kh2 Qf4 34. Qe6+ Kh8 35. Qg4 Qxg4 36. Rxg4 Rb1 37. Bxd4 cxd4 38.
e5 d3 39. Rd4 R1b3 40. a4 Kg8 41. e6 Kf8 42. Rd7 R8b7 43. Rd4 Ke7 44. a5
Kxe6 45. a6 Ra7 46. Re4+ Kd5 47. Rf4 Rxa6 48. Rf1 d2 49. Rd1 Rb2 50. Kg3
Rc6 51. Kf2 Rc1 52. Ke2 Rxd1 53. Kxd1 Kd4 54. g4 Kd3 55. g5 Rb1# { White
checkmated } 0-1

[Event "ICC tourney 2556 (25 5)"]
[Site "Internet Chess Club"]
[Date "2021.05.08"]
[Round "4"]
[White "XIA, RUOXIAO:K05-16025390"]
[Black "B KASHYAP, MAHATI:K05-16792961"]
[Result "0-1"]
[ICCResult "White forfeits on time"]
[WhiteElo "1921"]
[BlackElo "1033"]
[Opening "QGD: exchange, positional line, 5...c6"]
[ECO "D35"]
[NIC "QO.16"]
[Time "17:34:16"]
[PlyCount "86"]
[TimeControl "1500+5"]

1. d4 d5 2. c4 e6 3. Nc3 Nf6 4. cxd5 exd5 5. Bg5 c6 6. e3 Bf5 7. Bd3 Bxd3
8. Qxd3 Nbd7 9. Nge2 Bd6 10. f3 O-O 11. O-O Qc7 12. f4 Rfe8 13. Rf3 Ne4 14.
Rh3 f5 15. Ng3 g6 16. Ncxe4 fxe4 17. Qe2 Rf8 18. Rf1 Nb6 19. f5 Bxg3 20.
Rxg3 Nc4 21. fxg6 hxg6 22. Bh6 Rxf1+ 23. Qxf1 Qf7 24. Qe2 Nd6 25. Qh5 Kh7
26. Qg5 Re8 27. Rh3 Kg8 28. Rg3 Re6 29. h4 Nf5 30. Rg4 Kh7 31. Rf4 Qg8 32.
Bf8 Qxf8 33. g4 Qh6 34. gxf5 Qxg5+ 35. hxg5 gxf5 36. Rh4+ Kg7 37. Kf2 a5
38. Kg3 Re8 39. Kf4 a4 40. Kxf5 Rf8+ 41. Kg4 Rf2 42. Kh5 Rxb2 43. g6 Rxa2 {
White forfeits on time } 0-1

[Event "ICC tourney 2556 (25 5)"]
[Site "Internet Chess Club"]
[Date "2021.05.08"]
[Round "4"]
[White "SRIPATHY RAO, ANJANEYA:K05-16442373"]
[Black "PULIJALA, AKSHAJ:K05-16497860"]
[Result "1-0"]
[ICCResult "Black checkmated"]
[WhiteElo "1907"]
[BlackElo "1455"]
[Opening "Sicilian: Pelikan, Chelyabinsk variation"]
[ECO "B33"]
[NIC "SI.37"]
[Time "17:32:35"]
[PlyCount "103"]
[TimeControl "1500+5"]

1. e4 c5 2. Nf3 Nc6 3. d4 cxd4 4. Nxd4 Nf6 5. Nc3 e5 6. Ndb5 d6 7. Bg5 a6
8. Na3 b5 9. Nd5 Be7 10. Bxf6 Bxf6 11. c3 O-O 12. Be2 Bg5 13. O-O Ne7 14.
Nxe7+ Qxe7 15. Bf3 Bb7 16. Nc2 d5 17. exd5 Rfd8 18. Be4 Qd7 19. Qh5 f5 20.
Qxg5 fxe4 21. Qxe5 Qxd5 22. Qxd5+ Bxd5 23. Nb4 Bc4 24. Rfd1 Bd3 25. Nxd3
exd3 26. Rd2 Rd6 27. Rad1 Re8 28. Kf1 Red8 29. f3 Kf7 30. Kf2 Kf6 31. Re1
g5 32. Re4 h5 33. Ke3 Kf5 34. h3 Re6 35. Rxe6 Kxe6 36. Rxd3 Rxd3+ 37. Kxd3
Kf5 38. Ke3 Ke5 39. g3 Kf5 40. f4 gxf4+ 41. gxf4 Ke6 42. Ke4 Kf6 43. f5 Ke7
44. Ke5 Kf7 45. f6 Kf8 46. Ke6 Ke8 47. b4 Kf8 48. f7 Kg7 49. Ke7 Kh6 50.
f8=Q+ Kh7 51. Kf7 h4 52. Qg7# { Black checkmated } 1-0

[Event "ICC tourney 2556 (25 5)"]
[Site "Internet Chess Club"]
[Date "2021.05.08"]
[Round "4"]
[White "KHOROSHEVSKI, LEAH:K05-17055150"]
[Black "WANG, YOURAN:K05-16488667"]
[Result "1/2-1/2"]
[ICCResult "Game drawn because neither player has mating material"]
[WhiteElo "1031"]
[BlackElo "1553"]
[Opening "Sicilian"]
[ECO "B50"]
[NIC "SI.01"]
[Time "17:31:56"]
[PlyCount "165"]
[TimeControl "1500+5"]

1. e4 c5 2. Nf3 d6 3. Nc3 Nc6 4. Bb5 Bd7 5. d3 e6 6. Bxc6 Bxc6 7. Bf4 Nf6
8. Bg5 Be7 9. O-O O-O 10. h3 a6 11. Nh2 Nxe4 12. Bxe7 Nxc3 13. Bxd8 Nxd1
14. Be7 Nxb2 15. Bxf8 Rxf8 16. Rab1 Na4 17. Rfe1 Nc3 18. Rb2 b5 19. a3 Na4
20. Rbb1 g6 21. Ng4 Kg7 22. Re3 h5 23. Nh2 d5 24. Rg3 d4 25. Nf3 Nc3 26.
Re1 a5 27. Nd2 Kh6 28. Nb3 h4 29. Rg4 g5 30. Nxc5 Bd5 31. Rxd4 Re8 32. Nb3
a4 33. Nc1 Rc8 34. Rb4 Kg6 35. Ne2 Na2 36. Rb2 Nc3 37. Nxc3 Rxc3 38. Rc1
Rxa3 39. Rxb5 Rc3 40. Ra5 Bb3 41. Kf1 Rxc2 42. Rxc2 Bxc2 43. d4 Bb3 44. Ke1
Kf6 45. Ke2 Kg6 46. Kf3 f6 47. Ke3 Bc2 48. f4 Bb3 49. fxg5 fxg5 50. Kd3 Kf6
51. Kc3 Kg6 52. Kb4 Kf6 53. Kc5 Kf5 54. Kd6+ Kf4 55. Ke7 Bd5 56. Rxa4 Kg3
57. Kf6 g4 58. hxg4 Kxg4 59. Ra7 Bxg2 60. Rg7+ Kf3 61. Kxe6 h3 62. d5 h2
63. Rh7 Kg3 64. d6 Bh3+ 65. Rxh3+ Kxh3 66. d7 h1=Q 67. d8=Q Qe4+ 68. Kd7
Qd3+ 69. Ke7 Qh7+ 70. Ke8 Qg6+ 71. Ke7 Qh7+ 72. Ke8 Qh5+ 73. Ke7 Qe2+ 74.
Kd7 Qb5+ 75. Ke7 Qb4+ 76. Kd7 Qa4+ 77. Ke7 Qe4+ 78. Kd7 Qb7+ 79. Ke8 Qe4+
80. Kd7 Qd5+ 81. Ke8 Qe6+ 82. Qe7 Qxe7+ 83. Kxe7 { Game drawn because
neither player has mating material } 1/2-1/2

[Event "ICC tourney 2556 (25 5)"]
[Site "Internet Chess Club"]
[Date "2021.05.08"]
[Round "4"]
[White "MOORHOUSE, WILL:K05-30059498"]
[Black "SHENVI PRIOLKAR, ANSH:K05-30065668"]
[Result "1-0"]
[ICCResult "Black checkmated"]
[WhiteElo "1352"]
[BlackElo "941"]
[Opening "Giuoco Pianissimo"]
[ECO "C50"]
[NIC "IG.02"]
[Time "17:33:35"]
[PlyCount "167"]
[TimeControl "1500+5"]

1. e4 e5 2. Nf3 Nc6 3. Bc4 Bc5 4. d3 Nf6 5. h3 O-O 6. Bg5 h6 7. Bh4 Be7 8.
O-O d6 9. c3 Be6 10. Bb3 Na5 11. Bc2 c6 12. b4 a6 13. bxa5 Qxa5 14. d4 Rad8
15. Qc1 Rfe8 16. Bg3 Nd7 17. dxe5 dxe5 18. Rd1 f6 19. Nbd2 Qxc3 20. Bb3 Bb4
21. Bxe6+ Rxe6 22. Qxc3 Bxc3 23. Rac1 Ba5 24. Nb3 Bb6 25. Rc2 Nf8 26. Rxd8
Bxd8 27. Rd2 Bb6 28. Nh4 Kh7 29. Kf1 a5 30. f3 a4 31. Nc1 Ba5 32. Rd1 b5
33. Be1 Bb6 34. Nd3 Rd6 35. Nf5 Rd7 36. Ke2 g6 37. Ng3 h5 38. Bf2 Ba5 39.
a3 h4 40. Nh1 g5 41. Nc5 Rxd1 42. Kxd1 Ng6 43. Nd3 Nf4 44. Nxf4 exf4 45.
Bc5 Kg6 46. Nf2 f5 47. Ke2 b4 48. axb4 Bd8 49. exf5+ Kxf5 50. Bd4 Bf6 51.
Bxf6 Kxf6 52. Ne4+ Ke5 53. Nc3 a3 54. Kd3 Kd6 55. Kc4 Kc7 56. Kb3 Kb6 57.
Kxa3 c5 58. Ne4 c4 59. Nxg5 Kc6 60. Ne6 Kd5 61. Nxf4+ Kd4 62. Kb2 Ke3 63.
Ng6 Kd2 64. Ne5 c3+ 65. Kb3 c2 66. Nc4+ Kd3 67. Kb2 c1=Q+ 68. Kxc1 Kxc4 69.
Kd2 Kxb4 70. Ke3 Kc4 71. Kf4 Kd5 72. Kg4 Ke5 73. Kxh4 Kf4 74. g4 Kxf3 75.
g5 Kf4 76. g6 Kf5 77. g7 Kg6 78. g8=Q+ Kh6 79. Qg5+ Kh7 80. Kg4 Kh8 81. h4
Kh7 82. h5 Kh8 83. h6 Kh7 84. Qg7# { Black checkmated } 1-0